 Dungeon Crawl Stone Soup version 0.31.0-11-ge490571c62 (webtiles) character file.

Game seed: 17741681540729028238

486 Gadfly the Insei (level 6, -1/47 HPs)
             Began as a Demonspawn Monk on Feb 3, 2024.
             Slain by a scorpion (5 damage)
             ... on level 5 of the Dungeon.
             The game lasted 00:05:44 (3792 turns).

Gadfly the Insei (Demonspawn Monk)                  Turns: 3792, Time: 00:05:45

Health: -1/47      AC:  5    Str: 14    XL:     6   Next: 89%
Magic:  6/6        EV: 13    Int: 10    God:
Gold:   195        SH:  0    Dex: 15    Spells: 3/5 levels left

rFire   . . .        b - +2 whip (elec)
rCold   . . .        c - orb {light}
rNeg    . . .        j - +0 animal skin
rPois   .            g - +0 helmet
rElec   .            h - +0 cloak
rCorr   .            (no gloves)
SInv    .            i - +0 pair of boots
Will    .....        (no amulet)
Stlth   +            (no ring)
HPRegen 0.27/turn    (no ring)
MPRegen 0.10/turn

%: no passive effects
@: glowing
A: demonic guardian 1, ignite blood 1
a: no special abilities


You were on level 5 of the Dungeon.
You visited 1 branch of the dungeon, and saw 5 of its levels.

You collected 195 gold pieces.

Inventory:

Hand Weapons
 b - a +2 whip of electrocution (weapon)
 m - a +1 dagger of venom
Armour
 c - an orb of light (worn)
 g - a +0 helmet (worn)
 h - a +0 cloak (worn)
 i - a +0 pair of boots (worn)
 j - a +0 animal skin (worn)
Scrolls
 e - a scroll of immolation
 n - a scroll of revelation
Potions
 a - a potion of heal wounds
 d - 2 potions of ambrosia
 f - a potion of invisibility {unknown}
 l - a potion of attraction {unknown}


   Skills:
 - Level 3.0 Fighting
 + Level 3.7 Dodging
 * Level 4.4 Unarmed Combat
 * Level 3.6 Evocations
 * Level 2.9 Shapeshifting


You had 3 spell levels left.
You knew the following spells:

 Your Spells              Type           Power      Damage    Failure   Level
a - Blink                 Tloc           0%         N/A       50%         2

Your spell library contained the following spells:

 Spells                   Type           Power      Damage    Failure   Level
 Magic Dart               Conj           0%         1d3       36%         1
 Sting                    Conj/Alch      0%         1d3       36%         1
 Cigotuvi's Dreadful Rot  Necr/Alch/Air  0%         N/A       50%         2
 Mercury Vapours          Alch/Air       0%         N/A       50%         2
 Searing Ray              Conj           0%         2d4       50%         2
 Hailstorm                Conj/Ice       0%         3d5       75%         3
 Summon Ice Beast         Ice/Summ       0%         N/A       75%         3
 Teleport Other           Tloc           0%         N/A       75%         3
 Fulminant Prism          Conj/Alch      0%         3d5       98%         4
 Olgreb's Toxic Radiance  Alch           0%         N/A       98%         4
 Summon Forest            Summ/Tloc      0%         N/A       100%        5
 Sculpt Simulacrum        Ice/Alch       0%         N/A       100%        6


Dungeon Overview and Level Annotations

Branches:
Dungeon (5/15)
 Temple: D:4-7

Altars:
Okawaru


Innate Abilities, Weirdness & Mutations

A weak demonic guardian rushes to your aid.
Your demonic aura sometimes causes spilled blood to erupt in flames.


Message History

You hit the scorpion but do no damage. The scorpion stings you.
* * * LOW HITPOINT WARNING * * *
You hit the scorpion but do no damage. The scorpion stings you.
* * * LOW HITPOINT WARNING * * *
A demonic guardian appears!
The scorpion stings you.
* * * LOW HITPOINT WARNING * * *
You are lethally poisoned!
The scorpion poisons you!
Unknown command.
You feel better. The scorpion stings you.
* * * LOW HITPOINT WARNING * * *
You are poisoned.
The scorpion poisons you!
You swap places.
* * * LOW HITPOINT WARNING * * *
You feel very sick. The scorpion stings your shadow imp.
Your shadow imp hits the scorpion.
* * * LOW HITPOINT WARNING * * *
You feel sick.
The scorpion stings your shadow imp but does no damage.
Your shadow imp gestures at the scorpion.
The scorpion writhes in agony!
Okay, then.
* * * LOW HITPOINT WARNING * * *
You feel sick.
* * * LOW HITPOINT WARNING * * *
You feel sick.
Okay, then.
* * * LOW HITPOINT WARNING * * *
You feel sick.
* * * LOW HITPOINT WARNING * * *
You feel sick.
* * * LOW HITPOINT WARNING * * *
You feel sick.
* * * LOW HITPOINT WARNING * * *
You feel sick.
You are no longer poisoned.
The scorpion attacks as it pursues you! The scorpion closely misses you.
The scorpion attacks as it pursues you! The scorpion stings you.
You die...

#.# #.# ####.# ##########
##.##.# #........#
##...#.####..#####.#
##......##.#..# #.####
#.............# #..<)#
#.......##.##.# #.##)#
######.#...#@##^##.#####.##.#
#......##.##s....#.......##.#
#.#####.#####.###.#######.##.#
#.#####.# .# #.##.# #.......#
># #.##.# ####.#### .# #.##.#
####.# #.##.# #....# #.#
#.#### #.#


You could see a scorpion.

Vanquished Creatures
  An ogre (D:4)
  2 orc priests
  A hound (D:5)
  2 orc wizards
  Robin (D:4)
  8 adders
  An ufetubus (D:3)
  A ribbon worm (D:3)
  4 dart slugs
  21 orcs
  6 endoplasms
  4 giant cockroaches
  17 goblins
  8 hobgoblins
  6 jackals
  7 quokkas
  6 ball pythons
  4 bats
  5 frilled lizards
  6 kobolds
  6 rats
117 creatures vanquished.

Vanquished Creatures (collateral kills)
  An iguana (D:4)
  An ufetubus (D:3)
  A rat (D:1)
3 creatures vanquished.

Grand Total: 120 creatures vanquished

Notes
Turn   | Place    | Note
-------+----------+-------------------------------------------
     0 | D:1      | Gadfly the Demonspawn Monk began the quest for the Orb.
     0 | D:1      | Reached XP level 1. HP: 18/18 MP: 1/1
   173 | D:1      | Gained mutation: A weak demonic guardian rushes to your
                  | aid. [demonic ancestry]
   173 | D:1      | Reached XP level 2. HP: 13/24 MP: 2/2
   398 | D:1      | Reached skill level 1 in Evocations
   448 | D:1      | Reached skill level 3 in Unarmed Combat
   666 | D:1      | Gained mutation: Your demonic aura sometimes causes spilled
                  | blood to erupt in flames. [demonic ancestry]
   666 | D:1      | Reached XP level 3. HP: 28/29 MP: 3/3
   681 | D:1      | Reached skill level 1 in Shapeshifting
  1064 | D:2      | Found an iron altar of Okawaru.
  1365 | D:3      | Reached XP level 4. HP: 35/35 MP: 4/4
  2219 | D:3      | Reached XP level 5. HP: 41/41 MP: 5/5
  2665 | D:4      | Got Moostasch's Teachings on Transmuted Displacement
  2720 | D:4      | Noticed Robin
  2744 | D:4      | Killed Robin
  2920 | D:4      | Noticed an ogre
  2928 | D:4      | Killed an ogre
  2929 | D:4      | Reached skill level 4 in Unarmed Combat
  2929 | D:4      | Reached XP level 6. HP: 20/47 MP: 6/6
  2932 | D:4      | Learned a level 2 spell: Blink
  3683 | D:5      | Entered Level 5 of the Dungeon
  3771 | D:5      | HP: 2/47 [scorpion (5)]
  3778 | D:5      | HP: 2/47 [poisoned by a scorpion]
  3792 | D:5      | Slain by a scorpion

Illustrated notes

Levels and vault maps discovered:
D:1:      psy_arrival_spokes, layout_basic, minmay_heptomino_o4
D:2:      layout_rooms, basic_altar, minivault_24, grunt_ministairs_9
D:3:      layout_basic, kennysheep_boxes
D:4:      layout_gridville, minmay_misc_feat_chi, uniq_robin
D:5:      cheibrodos_helix_gallery, layout_loops_ring, tgw_trog,
          nicolae_elyvilon_peaceful_grove

Skill      XL: |  1  2  3  4  5 |
---------------+----------------+-----
Evocations     | 1 2 3 |  3.6
Unarmed Combat | 3 4 |  4.4
Shapeshifting  | 1 2 |  2.9
Dodging        | 3 |  3.7
Fighting       | |  3.0

Action                     |  1- 3 |  4- 6 || total
---------------------------+-------+-------++-------
  Melee: Unarmed           |    27 |       ||    27
         Whip              |    96 |   197 ||   293
    Use: Scroll            |     4 |     6 ||    10
         Potion            |     1 |     1 ||     2
 Armour: Robe              |    67 |    79 ||   146
         Animal skin       |       |    43 ||    43
  Dodge: Dodged            |    92 |   137 ||   229
